Map: Automaton LE

Players

Arcane

  • Race: Protoss Protoss
  • League: Diamond
  • Spawn Location: 9:00

Wailord - Winner!

  • Race: Zerg Zerg
  • League: Master
  • Spawn Location: 3:00

VOD

Have the link to the VOD?

Description

Time

  • Played on: May 4, 2019, 2:29 p.m.
  • Length: 10:41
Show
View Real Time Build Order
Export as new Build Order

Arcane Protoss 

Build Orders: Cannon Rush 

Get SALT Encoding   

  1  0:00  Probe  
  13  0:07  Probe  
  14  0:19  Probe  
  14  0:24  Pylon  
  15  0:48  Pylon  
  15  0:52  Forge  
  15  0:53  Probe  
  16  1:08  Gateway  
  16  1:14  Probe  
  16  1:18  Assimilator  
  17  1:25  Photon Cannon  
  17  1:32  Photon Cannon  
  17  1:42  Pylon  
  17  1:52  Photon Cannon  
  17  2:00  Photon Cannon  
  17  2:07  Photon Cannon  
  17  2:13  Cybernetics Core  
  17  2:14  Probe  
  18  2:28  Pylon  
  18  2:41  Zealot, Photon Cannon  
  20  2:55  Photon Cannon  
  20  3:05  Photon Cannon  
  20  3:10  Zealot  
  20  3:13  Photon Cannon  
  20  3:27  Probe  
  20  3:30  Assimilator  
  20  3:36  Pylon  
  18  3:52  Probe  
  19  3:56  Gateway  
  19  4:03  Photon Cannon, Probe  
  19  4:06  Warp Gate  
  20  4:11  Probe  
  20  4:16  Gateway  
  21  4:21  Probe  
  22  4:26  Pylon  
  22  4:38  Gateway  
  22  4:46  Adept  
  22  4:52  Probe  
  25  5:04  Probe  
  25  5:07  Pylon  
  26  5:10  Stargate  
  26  5:18  Adept  
  28  5:23  Shield Battery  
  28  5:43  Adept  
  30  5:50  Oracle  
  30  5:51  Nexus  
  33  6:08  Probe  
  34  6:22  Void Ray  
  34  6:23  Probe  
  39  6:37  Probe  
  38  6:52  Pylon  
  38  6:53  Sentry x2  
  42  6:57  Probe  
  42  6:58  Void Ray  
  43  7:07  Probe  
  43  7:08  Probe  
  47  7:15  Probe  
  48  7:16  Probe  
  49  7:23  Probe  
  49  7:26  Probe  
  51  7:34  Void Ray  
  51  7:37  Sentry x2  
  51  7:41  Probe x2  
  61  7:49  Zealot  
  61  8:04  Probe  
  62  8:08  Probe  
  61  8:16  Void Ray  
  61  8:25  Probe  
  59  8:29  Probe  
  59  8:33  Probe  
  61  8:37  Pylon  
  61  8:39  Pylon  
  62  8:45  Twilight Council  
  62  8:49  Assimilator  
  62  8:50  Pylon  
  62  8:53  Assimilator  
  62  8:55  Probe x2  
  61  9:04  Gateway  
  61  9:07  Probe  
  62  9:21  Probe x2  
  64  9:27  Adept x3  
  70  9:31  Gateway  
  70  9:33  Gateway  
  70  9:59  Adept x4  
  68  10:21  Zealot x3  
  57  10:33  Zealot x2  
Show
View Real Time Build Order
Export as new Build Order

Wailord Zerg - Winner!

Build Orders: Hatch First 

Get SALT Encoding   

  12  0:01  Drone  
  13  0:13  Overlord  
  13  0:18  Drone  
  14  0:32  Drone x2  
  17  0:35  Drone  
  17  0:54  Hatchery  
  16  0:59  Drone  
  17  1:12  Spawning Pool  
  17  1:14  Extractor  
  15  1:24  Drone  
  15  1:25  Drone x2  
  18  1:46  Drone  
  19  2:02  Zergling x4  
  21  2:13  Zergling x4  
  20  2:32  Drone x2  
  20  2:33  Drone x2  
  20  2:46  Zergling x4  
  21  2:53  Zergling x4  
  23  3:00  Queen  
  25  3:13  Drone x3  
  27  3:25  Overlord  
  27  3:26  Metabolic Boost  
  27  3:35  Overlord  
  27  3:46  Drone  
  27  3:47  Drone x4  
  31  3:57  Queen  
  31  3:58  Drone  
  31  3:59  Drone  
  35  4:08  Drone  
  36  4:15  Drone x2  
  38  4:19  Drone  
  39  4:28  Drone x4  
  41  4:39  Drone x2  
  41  4:44  Pneumatized Carapace  
  41  4:45  Roach Warren  
  42  4:49  Overlord  
  42  4:51  Drone  
  43  4:54  Spore Crawler  
  43  4:56  Drone  
  43  5:05  Spore Crawler, Zergling x2  
  43  5:09  Overlord  
  43  5:10  Extractor, Queen  
  44  5:22  Drone x3  
  44  5:23  Drone x4  
  44  5:28  Lair  
  51  5:36  Overlord  
  51  5:37  Zergling x6  
  54  5:42  Spine Crawler  
  54  5:43  Spine Crawler  
  52  5:59  Spore Crawler  
  52  6:03  Overlord  
  52  6:04  Overlord  
  51  6:05  Roach x3  
  57  6:15  Roach x2  
  61  6:22  Overlord x2  
  61  6:29  Glial Reconstitution  
  61  6:33  Overlord x2  
  61  6:35  Evolution Chamber, Hatchery, Roach x5  
  69  6:46  Drone x2  
  69  6:47  Extractor, Hydralisk Den, Drone x3  
  72  6:52  Extractor  
  71  7:05  Drone  
  71  7:06  Drone x3  
  75  7:18  Drone x2  
  75  7:21  Zerg Ground Armor Level 1  
  77  7:28  Drone x5  
  82  7:36  Roach  
  79  7:48  Zergling x8  
  79  7:49  Hydralisk x2  
  84  7:51  Hydralisk  
  84  7:52  Hydralisk x3  
  90  8:05  Drone x2  
  90  8:06  Drone  
  87  8:17  Drone  
  87  8:18  Drone x5  
  89  8:25  Hydralisk x3  
  89  8:27  Queen  
  90  8:34  Overlord x2  
  90  8:35  Hydralisk x2, Overlord  
  90  8:39  Grooved Spines  
  94  8:42  Hydralisk  
  94  8:43  Hydralisk  
  94  8:46  Overlord  
  94  8:47  Extractor  
  97  8:50  Hydralisk  
  97  8:54  Hydralisk  
  101  9:03  Hydralisk x2  
  101  9:05  Zergling x6  
  108  9:16  Hydralisk x3  
  114  9:23  Spore Crawler x2  
  112  9:25  Spore Crawler x2, Zergling x2  
  112  9:26  Zergling x8  
  112  9:29  Spine Crawler  
  114  9:32  Zergling x8  
  114  9:33  Hydralisk  
  120  9:38  Hydralisk x2  
  120  9:39  Hydralisk  
  120  9:40  Zergling x8  
  131  9:46  Spore Crawler  
  126  9:53  Zergling x4  
  126  9:54  Zergling x4  
  126  9:59  Roach x2  
  133  10:00  Roach x3  
  133  10:10  Roach x5  
  141  10:21  Roach x4  
  141  10:22  Roach  
  141  10:23  Zergling x2  
Tags
 
Add a new tag
Caveats
  • Supply blocks, unpowered buildings, or Contaminate may cause inaccurate times.
  • Supply counts are checked every 10 seconds.